 Dungeon Crawl Stone Soup version 0.20-a0-1078-g4874019 (webtiles) character file.

21035 namelastname112 the Martial Artist (level 12, -3/110 HPs)
             Began as a Black Draconian Monk on Apr 30, 2017.
             Was a Priest of Wu Jian.
             Slain by an orc knight
             ... wielding a +0 great mace of crushing
              (21 damage)
             ... on level 1 of the Orcish Mines.
             The game lasted 00:35:05 (16443 turns).

namelastname112 the Martial Artist (DrMo)          Turns: 16443, Time: 00:35:06

Health: -3/110     AC: 10    Str: 13    XL:     12   Next: 50%
Magic:  12/12      EV: 21    Int: 11    God:    Wu Jian [***...]
Gold:   1129       SH:  0    Dex: 21    Spells: 11/11 levels left

rFire    . . .     SeeInvis .     - Unarmed
rCold    . . .     Gourm    +   (no shield)
rNeg     . . .     Faith    .   (armour unavailable)
rPois    +         Spirit   .   (helmet restricted)
rElec    +         Reflect  .   n - +1 cloak {rPois}
rCorr    +         Harm     .   (no gloves)
MR       .....                  (no boots)
Stlth    ++........             H - amulet of the gourmand
Regen    0.3/turn               g - ring of resist corrosion
MPRegen  0.2/turn               p - ring of wizardry

@: no status effects
A: breathe lightning, unfitting armour, claws 1, horns 1, agile 1, electricity
resistance, cold-blooded, AC +8
a: Breathe Lightning, Renounce Religion


You were on level 1 of the Orcish Mines.
You worshipped Wu Jian.
Wu Jian was most pleased with you.
You were not hungry.

You visited 4 branches of the dungeon, and saw 16 of its levels.

You collected 1294 gold pieces.
You spent 165 gold pieces at shops.

Inventory:

Armour
 n - a +1 cloak of poison resistance (worn)
 y - a cursed +0 cloak
Magical Staves
 v - an uncursed staff of conjuration {unknown}
Jewellery
 g - a ring of resist corrosion (left claw)
 o - an uncursed amulet of guardian spirit
 p - a ring of wizardry (right claw)
 H - an amulet of the gourmand (around neck)
 R - a cursed amulet of inaccuracy {unknown}
Wands
 d - a wand of digging (7/24)
 j - a wand of flame (7/48)
 k - a wand of iceblast (0/15)
 t - a wand of random effects (16/48)
 w - a wand of polymorph (10/24)
 x - a wand of clouds (3/9)
 C - a wand of iceblast (2/15)
 D - a wand of random effects (0/48)
 E - a wand of iceblast (1/15)
 J - a wand of flame (43/48)
 K - a wand of digging (14/24)
 N - a wand of confusion (1/48)
 O - a wand of polymorph (1/24)
 S - a wand of random effects (42/48)
 U - a wand of digging (17/24)
Scrolls
 c - 2 scrolls of amnesia
 s - 6 scrolls of remove curse
 z - a scroll of fog
 A - 2 scrolls of enchant weapon
 Q - a scroll of recharging
 T - 2 scrolls of identify
Potions
 e - a potion of berserk rage
 h - 2 potions of flight
 l - 2 potions of cancellation
 m - 2 potions of resistance
 q - a potion of curing
 r - a potion of magic
 u - 2 potions of invisibility
 B - 2 potions of brilliance
 F - a potion of might {unknown}
 L - 2 potions of agility
Books
 G - a book of Beasts

   Spells                             Type                      Level
   a - Summon Butterflies             Summoning                    1
   b - Call Canine Familiar           Summoning                    3
   c - Summon Ice Beast               Ice/Summoning                4
   d - Summon Mana Viper              Hexes/Summoning              5
   e - Summon Hydra                   Summoning                    7
 P - a book of Cantrips

   Spells                             Type                      Level
   a - Confusing Touch                Hexes                        1
   b - Animate Skeleton               Necromancy                   1
   c - Summon Small Mammal            Summoning                    1
   d - Apportation                    Translocation                1
Comestibles
 a - 9 bread rations
 b - 11 royal jellies
 f - 6 meat rations
 i - 11 fruits


   Skills:
 + Level 11.6 Fighting
 + Level 9.8 Dodging
 - Level 1.7 Stealth
 + Level 14.9 Unarmed Combat


You had 11 spell levels left.
You didn't know any spells.

Dungeon Overview and Level Annotations

Branches:
Dungeon (12/15)            Temple (1/1) D:6            Lair (1/6) D:10
    Orc (2/2) D:10            Elf (0/3) Orc:2

Altars:
Ashenzari
Cheibriados
Dithmenos
Elyvilon
Fedhas
Gozag
Hepliaklqana
Kikubaaqudgha
Makhleb
Nemelex Xobeh
Okawaru
Qazlal
Ru
Sif Muna
Trog
Uskayaw
Vehumet
Wu Jian
Xom
Yredelemnul
Zin
The Shining One

Shops:
D:12 (!:[

Annotations:
Lair:1 Joseph
Orc:1 Harold


Innate Abilities, Weirdness & Mutations

You can breathe wild blasts of lightning.
Your glossy black scales are hard. (AC +8)
You cannot fit into any form of body armour.
You are resistant to electric shocks. (rElec)
You are cold-blooded and may be slowed by cold attacks.
You have sharp fingernails.
You have a pair of small horns on your head.
You are agile. (Dex +2)


Message History

You take 3 damage, and have 17/110 hp.
Evoke which item? (* to show all) (? for menu, Esc to quit)
Aiming: Confuse (will waste charges)
Press: ? - help, Shift-Dir - straight line, f/p - orc knight
Aim: an orc knight, wielding a great mace of crushing and wearing a chain mail (chance to defeat MR: 28%)
The orc knight easily resists.
Evoking this partially-identified wand wasted a few charges.
You repeatedly attack the orc knight from above.
You claw the orc knight!
The orc knight is lightly wounded.
You claw the orc knight! Your headbutt misses the orc knight.
The orc knight is moderately wounded.
The orc knight is distracted by your jump.
The orc knight shouts!
Things that are here:
6 large rocks; a plate armour; a long sword You claw the orc knight!
You headbutt the orc knight.
The orc knight is severely wounded.
The orc knight hits you with a great mace of crushing!!
You die...

##.##.##
##......#
#....#.##
##.......##
#.........##
##.#.......## #
####..[....#.##
##.#...§§§.....#
#.....)§@#....##
##.#....o...###
#####...#.##
#######


You could see an orc knight.

Vanquished Creatures
  Erolcha (D:9)
  A hydra (D:12)
  A two-headed ogre (D:9)
  The ghost of George the Carver, a novice DsFi of Makhleb (D:7)
  An unseen horror (D:12)
  Pikel (D:5)
  An orc sorcerer (Orc:1)
  An orc knight (Orc:2)
  3 cyclopes
  An ugly thing (D:11)
  An elephant (Lair:1)
  Maurice (D:8)
  A gargoyle (D:10)
  A komodo dragon (Lair:1)
  3 trolls
  3 slime creatures
  Prince Ribbit (D:9)
  6 hippogriffs
  3 vampires
  Sigmund (D:6)
  The ghost of herpmino the Slasher, an amateur VSGl (D:5)
  5 yaks (D:11)
  A wraith (D:12)
  Eustachio (D:4)
  A basilisk (Lair:1)
  A hungry ghost (D:11)
  A warg (Orc:1)
  Edmund (D:5)
  A water moccasin (D:6)
  A porcupine (Lair:1)
  A swamp drake (D:10)
  8 ice beasts
  4 sky beasts
  A necrophage (D:7)
  15 orc warriors
  A phantom (D:4)
  A slave (D:5)
  3 black bears
  10 ogres
  17 wolves
  2 crocodiles
  4 centaurs
  3 big kobolds
  10 bullfrogs
  Dowan (D:4)
  2 scorpions
  8 wights (D:8)
  4 crimson imps
  2 bullfrog zombies
  10 orc priests
  Crazy Yiuf (D:5)
  2 centaur zombies
  2 hounds
  5 jellies
  19 orc wizards
  A bullfrog skeleton (D:5)
  2 iguanas
  10 worker ants
  3 hound skeletons
  Robin (D:4)
  A worker ant zombie (D:5)
  A howler monkey skeleton (D:6)
  15 adders
  3 shadow imps
  2 oozes
  3 adder skeletons
  An adder zombie (D:7)
  2 worms
  2 dart slugs
  3 leopard geckos
  79 orcs
  8 bats
  5 giant cockroaches
  10 goblins
  12 hobgoblins
  2 jackals (D:10)
  15 kobolds
  2 quokkas
  3 ball pythons
  3 frilled lizards
  A quokka zombie (D:5)
  8 rats
381 creatures vanquished.

Vanquished Creatures (others)
  A slave (D:5)
  Duvessa (D:4)
  An ice beast (D:5)
  A bush (Lair:1)
4 creatures vanquished.

Grand Total: 385 creatures vanquished

Notes
Turn   | Place    | Note
-------+----------+-------------------------------------------
     0 | D:1      | namelastname112 the Draconian Monk began the quest for the Orb.
     0 | D:1      | Reached XP level 1. HP: 19/19 MP: 1/1
   168 | D:1      | Reached XP level 2. HP: 23/26 MP: 2/2
   490 | D:1      | Reached skill level 4 in Unarmed Combat
  1088 | D:2      | Reached XP level 3. HP: 29/31 MP: 3/3
  1238 | D:2      | Found a hazy altar of Hepliaklqana.
  1271 | D:2      | Found an ancient bone altar of Kikubaaqudgha.
  1865 | D:3      | Reached skill level 5 in Unarmed Combat
  1865 | D:3      | Reached XP level 4. HP: 26/38 MP: 4/4
  2378 | D:3      | Reached XP level 5. HP: 33/45 MP: 5/5
  2744 | D:4      | Noticed a phantom
  2818 | D:4      | Reached skill level 6 in Unarmed Combat
  2992 | D:4      | Noticed Eustachio
  3233 | D:4      | Killed Eustachio
  3233 | D:4      | Reached skill level 7 in Unarmed Combat
  3233 | D:4      | Reached XP level 6. HP: 35/51 MP: 4/6
  3359 | D:4      | Found a stormy altar of Qazlal.
  3391 | D:4      | Noticed Robin
  3398 | D:5      | Entered Level 5 of the Dungeon
  3684 | D:4      | Killed Robin
  4682 | D:4      | Noticed Dowan
  4720 | D:4      | Noticed Duvessa
  4736 | D:4      | Gained mutation: You evolve. [potion of mutation]
  4736 | D:4      | Gained mutation: You are agile. (Dex +2) [potion of mutation]
  4736 | D:4      | Gained mutation: You have sharp fingernails. [potion of mutation]
  4737 | D:4      | Killed Duvessa
  4744 | D:4      | Killed Dowan
  4744 | D:4      | Reached skill level 8 in Unarmed Combat
  4744 | D:4      | Your scales start taking on a glossy black colour.
  4744 | D:4      | Reached XP level 7. HP: 16/57 MP: 3/7
  4744 | D:4      | Gained mutation: You are resistant to electric shocks. (rElec) [Black Draconian growth]
  4920 | D:4      | Gained mutation: You have a pair of small horns on your head. [evolution]
  5309 | D:5      | Noticed Pikel
  5324 | D:5      | Killed Pikel
  5324 | D:5      | Reached skill level 10 in Unarmed Combat
  5324 | D:5      | Reached XP level 8. HP: 63/63 MP: 8/8
  5331 | D:5      | Found a sparkling altar of Nemelex Xobeh.
  5374 | D:5      | Found a runed door.
  5378 | D:5      | Noticed Crazy Yiuf
  5385 | D:5      | Killed Crazy Yiuf
  5490 | D:5      | Found a glowing silver altar of Zin.
  5520 | D:5      | Noticed herpmino's ghost (amateur VSGl)
  5678 | D:5      | Killed herpmino's ghost
  5740 | D:5      | Reached skill level 11 in Unarmed Combat
  5752 | D:5      | Noticed Edmund
  5761 | D:5      | Killed Edmund
  6037 | D:5      | Found a shadowy altar of Dithmenos.
  6133 | D:6      | Reached XP level 9. HP: 65/70 MP: 9/9
  6158 | D:6      | Reached skill level 12 in Unarmed Combat
  6483 | D:6      | Found a staircase to the Ecumenical Temple.
  6489 | D:6      | Noticed Sigmund
  6496 | Temple   | Entered the Ecumenical Temple
  6635 | D:6      | Killed Sigmund
  7013 | D:7      | Found an opulent altar of Gozag.
  7073 | D:7      | Reached skill level 5 in Fighting
  7115 | D:7      | Noticed George's ghost (novice DsFi)
  7132 | D:7      | Killed George's ghost
  7552 | D:7      | Gained mutation: You occasionally shout uncontrollably at your foes. [evolution]
  7646 | D:8      | Reached skill level 5 in Dodging
  8018 | D:8      | Reached XP level 10. HP: 83/83 MP: 10/10
  8375 | D:8      | Found a faded altar of an unknown god.
  8375 | D:8      | Found a sacrificial altar of Ru.
  8380 | D:8      | Found a shattered altar of Ashenzari.
  8388 | D:8      | Found a deep blue altar of Sif Muna.
  8391 | D:8      | Found a hide-covered altar of Uskayaw.
  8563 | D:9      | Found an ornate altar of the Wu Jian Council.
  8581 | D:9      | Became a worshipper of the Wu Jian Council
  8581 | D:9      | Reached * piety under Wu Jian
  8581 | D:9      | Reached ** piety under Wu Jian
  8589 | D:9      | Noticed Prince Ribbit
  8590 | D:9      | Noticed a two-headed ogre
  8603 | D:9      | Killed a two-headed ogre
  8603 | D:9      | Reached skill level 13 in Unarmed Combat
  8628 | D:9      | Killed Prince Ribbit
  8873 | D:9      | Noticed Maurice
  9047 | D:8      | Lost mutation: You occasionally shout uncontrollably at your foes. [evolution]
  9047 | D:8      | Lost mutation: You evolve. [end of evolution]
  9218 | D:9      | Noticed a cyclops
  9468 | D:8      | Killed Maurice
  9510 | D:9      | Killed a cyclops
  9679 | D:9      | Noticed Erolcha
  9690 | D:9      | Killed Erolcha
  9690 | D:9      | Reached XP level 11. HP: 72/95 MP: 11/11
 10006 | D:10     | Entered Level 10 of the Dungeon
 10218 | D:9      | Reached *** piety under Wu Jian
 10524 | D:10     | Found a sparkling altar of Nemelex Xobeh.
 10619 | D:10     | Found a staircase to the Lair.
 10843 | D:10     | Found a staircase to the Orcish Mines.
 11258 | D:11     | Noticed a brown ugly thing
 11274 | D:11     | Killed a brown ugly thing
 11275 | D:11     | Reached **** piety under Wu Jian
 11661 | D:11     | Reached skill level 14 in Unarmed Combat
 11847 | D:12     | Found Kujag's Distillery.
 11863 | D:12     | Reached skill level 10 in Fighting
 11869 | D:12     | Bought a potion of heal wounds for 55 gold pieces
 11869 | D:12     | Bought a potion of heal wounds for 55 gold pieces
 11869 | D:12     | Bought a potion of heal wounds for 55 gold pieces
 11964 | D:12     | Killed an unseen horror
 12127 | D:12     | Found Riosup's Antique Weapon Shop.
 12161 | D:12     | Found Kiboib's Book Shop.
 12554 | D:12     | Found Postrifo's Antique Armour Shoppe.
 12589 | D:12     | Noticed a seven-headed hydra
 12600 | D:12     | Killed a seven-headed hydra
 13619 | D:12     | Reached XP level 12. HP: 108/108 MP: 12/12
 13679 | Lair:1   | Entered Level 1 of the Lair of Beasts
 14396 | Lair:1   | Noticed a six-headed hydra
 14440 | Lair:1   | Noticed a five-headed hydra
 14468 | Lair:1   | Noticed Joseph
 14921 | Orc:1    | Entered Level 1 of the Orcish Mines
 15076 | Orc:2    | Entered Level 2 of the Orcish Mines
 15113 | Orc:2    | Found a staircase to the Elven Halls.
 15417 | Orc:2    | Reached ***** piety under Wu Jian
 15799 | Orc:2    | Noticed an orc high priest
 15848 | Orc:1    | Noticed Harold
 15867 | Orc:2    | Paralysed by an orc sorcerer for 5 turns
 15887 | Orc:1    | HP: 3/110 [orc warrior/short sword (9)]
 16443 | Orc:1    | Slain by an orc knight

Vault maps used:
D:1:      dpeg_arrival_chase, serial_forest, infiniplex_forest_corner_2,
          infiniplex_forest_straight_4, infiniplex_forest_corner_1,
          infiniplex_forest_clump_long, infiniplex_forest_straight_4,
          infiniplex_forest_lined_2, infiniplex_forest_clump_curved,
          infiniplex_forest_clump_small
D:2:      grunt_temple_overflow_open
D:4:      kennysheep_mini_moat, uniq_robin, uniq_duvessa, uniq_eustachio
D:5:      nemelex_xobeh_ov_fountains_minmay, kennysheep_little_box, first_bread,
          minmay_misc_feat_room, grunt_dithmenos_shadows,
          uniq_crazy_yiuf_cottage, uniq_pikel, uniq_edmund
D:6:      black_bear_nest_2, minmay_temple_entry_trees, uniq_sigmund
D:7:      kennysheep_mini
D:8:      chequers_temple_overflow_minitemple
D:9:      old_standard_altar, uniq_maurice, uniq_erolcha, uniq_prince_ribbit1
D:10:     lair_entry_dummy, erik_orc_1, basic_altar
D:12:     serial_shops, shop, shop, shop_coins, shop_statue
Temple:   jpeg_temple_clearing
Lair:1:   columned_hall_lemuel, grunt_forest_large_clearings, uniq_joseph
Orc:1:    serial_shops, shop, uniq_harold
Orc:2:    grunt_orc_tribal_feast, basic_altar

Skill      XL: |  1  2  3  4  5  6  7  8  9 10 11 12 |
---------------+-------------------------------------+-----
Unarmed Combat | 4 5 7 8 10 11 12 13 14 | 14.9
Dodging        | 5 7 8 9 |  9.8
Fighting       | 6 8 10 11 | 11.6
Stealth        | |  1.7

Action                   |  1- 3 |  4- 6 |  7- 9 | 10-12 || total
-------------------------+-------+-------+-------+-------++-------
Melee: Unarmed           |   134 |    57 |   226 |   809 ||  1226
       Tailslap          |     9 |    43 |    38 |   133 ||   223
       Punch             |     1 |    12 |    13 |    51 ||    77
       Staff             |       |   225 |       |       ||   225
       Headbutt          |       |       |    47 |   170 ||   217
Invok: Serpent's Lash    |       |       |       |     2 ||     2
       Heavenly Storm    |       |       |       |     1 ||     1
 Abil: Breathe Lightning |       |       |     4 |    17 ||    21
Evoke: Wand              |       |     5 |     1 |    14 ||    20
  Use: Scroll            |       |     9 |     6 |     7 ||    22
       Potion            |       |     2 |       |    10 ||    12
 Stab: Sleeping          |     5 |     8 |     7 |     5 ||    25
       Distracted        |       |       |       |     1 ||     1
  Eat: Chunk             |     2 |     8 |     3 |    36 ||    49
       Meat ration       |       |     1 |     1 |       ||     2
       Fruit             |       |     1 |       |       ||     1
Armor: Skin              |    30 |    93 |    44 |   178 ||   345
Dodge: Dodged            |    96 |   252 |   118 |   588 ||  1054
